 Dungeon Crawl Stone Soup version 0.21.1-1-g345015f (webtiles) character file.

3260 tidbits the Magician (level 10, -11/73 HPs)
             Began as a Gnoll Fire Elementalist on Feb 16, 2018.
             Was a Believer of Cheibriados.
             Mangled by an orc warrior
             ... wielding a +0 war axe
              (32 damage)
             ... in a bailey.
             The game lasted 00:34:11 (2643 turns).

tidbits the Magician (Gnoll Fire Elementalist)      Turns: 2643, Time: 00:34:13

Health: -11/73     AC: 10    Str: 21    XL:     10   Next: 0%
Magic:  17/20      EV: 17    Int: 26    God:    Cheibriados [**....]
Gold:   45         SH:  0    Dex: 21    Spells: 12/22 levels left

rFire    . . .     SeeInvis .   a - +0 dagger (elec)
rCold    . . .     Gourm    .   (no shield)
rNeg     . . .     Faith    .   B - +1 leather armour {rPois}
rPois    +         Spirit   .   E - +1 helmet
rElec    .         Reflect  .   (no cloak)
rCorr    .         Harm     +   G - +2 pair of gloves {Str+3}
MR       .....                  (no boots)
Stlth    +++.......             u - amulet of harm
HPRegen  0.22/turn              Y - +3 ring of slaying
MPRegen  0.17/turn              k - +3 ring of strength

@: very slightly contaminated, very slow
A: distributed training, fangs 1, strong nose
a: Bend Time, Renounce Religion


You were in a bailey.
You worshipped Cheibriados.
Cheibriados was pleased with you.
You were not hungry.

You visited 2 branches of the dungeon, and saw 10 of its levels.
You also visited: Bailey.

You collected 274 gold pieces.
You spent 229 gold pieces at shops.

Inventory:

Hand Weapons
 a - a +0 dagger of electrocution (weapon)
   (You took it off an orc wizard on level 7 of the Dungeon)
 b - a +0 long sword
 e - a cursed +0 war axe
 f - a +0 dagger of venom
   (You took it off a kobold on level 2 of the Dungeon)
 o - a cursed -3 arbalest
 q - a +0 bardiche
 s - a +1 dire flail of protection
   (You took it off Edmund on level 5 of the Dungeon)
 x - a +0 dagger of venom
   (You took it off an orc wizard on level 5 of the Dungeon)
 y - the +1 flail of Untruth {crush, +Inv rN+}
   (You bought it in a shop on level 6 of the Dungeon)

   It inflicts extra damage upon your enemies.
   It protects you from negative energy.
   It lets you turn invisible.
 I - a +2 quarterstaff of draining
   (You took it off Joseph on level 8 of the Dungeon)
 K - a +0 battleaxe
Missiles
 g - 40 bolts
 i - 8 stones (quivered)
 l - 29 arrows
 n - a throwing net {!f}
 J - 23 sling bullets
Armour
 d - a +0 shield
 B - a +1 leather armour of poison resistance (worn)
   (You found it on level 6 of the Dungeon)
 C - a +0 robe
 E - a +1 helmet (worn)
 G - a +2 pair of gloves of strength (worn)
   (You found it on level 3 of the Dungeon)
 L - a +0 ring mail
Jewellery
 k - a +3 ring of strength (right hand)
   (You found it on level 4 of the Dungeon)
 u - an amulet of harm (around neck)
   (You found it on level 6 of the Dungeon)
 Y - a +3 ring of slaying (left hand)
   (You found it on level 2 of the Dungeon)
Wands
 m - a wand of disintegration (15)
Scrolls
 p - a scroll of teleportation
 v - 2 scrolls of fear
 w - a scroll of summoning
 H - a scroll of enchant weapon {unknown}
Potions
 r - 2 potions of brilliance
 z - a potion of curing
 F - a potion of lignification
Books
 j - a book of Flames

   Spells                             Type                      Level
   a - Flame Tongue                   Conjuration/Fire             1
   b - Throw Flame                    Conjuration/Fire             2
   c - Conjure Flame                  Conjuration/Fire             3
   d - Inner Flame                    Hexes/Fire                   3
   e - Sticky Flame                   Conjuration/Fire             4
   f - Fireball                       Conjuration/Fire             5
 D - a book of Maledictions
   (You found it on level 7 of the Dungeon)

   Spells                             Type                      Level
   a - Corona                         Hexes                        1
   b - Ensorcelled Hibernation        Hexes/Ice                    2
   c - Confuse                        Hexes                        3
   d - Tukima's Dance                 Hexes                        3
   e - Dazzling Spray                 Conjuration/Hexes            3
Comestibles
 c - 9 rations


   Skills:
 + Level 4.7 Fighting
 + Level 4.7 Short Blades
 + Level 4.7 Long Blades
 + Level 4.7 Axes
 + Level 4.7 Maces & Flails
 + Level 4.7 Polearms
 + Level 4.7 Staves
 + Level 4.7 Slings
 + Level 4.7 Bows
 + Level 4.7 Crossbows
 + Level 4.7 Throwing
 + Level 4.7 Armour
 + Level 6.6 Dodging
 + Level 6.3 Stealth
 + Level 4.7 Shields
 + Level 4.7 Unarmed Combat
 + Level 6.9 Spellcasting
 + Level 4.4 Conjurations
 + Level 3.9 Hexes
 + Level 3.9 Charms
 + Level 3.9 Summonings
 + Level 3.9 Necromancy
 + Level 3.9 Translocations
 + Level 3.9 Transmutations
 + Level 6.8 Fire Magic
 + Level 3.9 Ice Magic
 + Level 3.9 Air Magic
 + Level 3.9 Earth Magic
 + Level 3.9 Poison Magic
 + Level 5.1 Invocations
 + Level 4.7 Evocations


You had 12 spell levels left.
You knew the following spells:

 Your Spells              Type           Power        Failure   Level  Hunger
a - Flame Tongue          Conj/Fire      #####        1%          1    None
c - Conjure Flame         Conj/Fire      #####...     2%          3    None
j - Throw Flame           Conj/Fire      #####.       1%          2    None
t - Sticky Flame          Conj/Fire      #####...     7%          4    ###....


Dungeon Overview and Level Annotations

Branches:
Dungeon (9/15)             Temple (1/1) D:6
   Lair: D:8-11         Orc: D:9-12

Altars:
Ashenzari
Cheibriados
Dithmenos
Gozag
Kikubaaqudgha
Makhleb
Okawaru
Vehumet
Wu Jian
Yredelemnul
Zin

Shops:
D:6 (   D:8 :


Innate Abilities, Weirdness & Mutations

Your experience applies equally to all skills.
You have very sharp teeth.
Your uncanny sense of smell can sniff out nearby items.


Message History

There is something else lying underneath.
The floor.
Unknown command.
Okay, then.
Unknown command.
There is an open door, spattered with blood here.
Items here: )))))) [[[[[[ †††
Items here: )) [[ †† Throwing (i - inventory. (,) - cycle):
h - 4 tomahawks (quivered)
Press: ? - help, Shift-Dir - straight line, f - hobgoblin
Aim: a hobgoblin, wielding a hand axe and wearing a leather armour You throw a tomahawk.
The tomahawk hits the hobgoblin!
You kill the hobgoblin!
Cheibriados appreciates the change of pace.
Unknown command.
Throwing (i - inventory. (,) - cycle):
h - 3 tomahawks (quivered)
Press: ? - help, Shift-Dir - straight line, f - hobgoblin
Aim: a hobgoblin, wielding a hand axe and wearing a leather armour (hasn't noticed you)
You throw a tomahawk.
The tomahawk closely misses the hobgoblin.
The hobgoblin shouts!
Unknown command.
It was a potion of magic.
Magic courses through your body.
You feel much better.
The orc warlord roars a battlecry!
You hear a shout!
Unknown command.
Throwing (i - inventory. (,) - cycle):
h - 2 tomahawks (quivered)
Press: ? - help, Shift-Dir - straight line, f - orc warlord, p - hobgoblin
Aim: an orc warlord, wielding an enchanted long sword, wearing a plate armour and wearing a large shield You throw a tomahawk.
The tomahawk hits the hobgoblin.
You kill the hobgoblin!
Cheibriados appreciates the change of pace.
The orc warlord roars a battlecry!
You hear a shout!
Unknown command.
Evoke which item? (* to show all) (? for menu, Esc to quit)
Aiming: Disintegrate
Press: ? - help, Shift-Dir - straight line, p - orc warlord The orc warlord resists with some effort.
Unknown command.
Press: ? - help, v - describe, . - travel, g - get item
Here: a goblin, wielding a hand axe and wearing a leather armour A tomahawk.
There is something else lying underneath.
The floor, spattered with blood.
Okay, then.
Throwing (i - inventory. (,) - cycle):
h - a tomahawk (quivered)
Press: ? - help, Shift-Dir - straight line, f - orc warlord
Aim: an orc warlord, wielding an enchanted long sword, wearing a plate armour and wearing a large shield You throw a tomahawk.
The tomahawk completely misses the goblin.
The orc warlord blocks the tomahawk.
The orc warlord roars a battlecry!
Unknown command.
You barely miss the goblin.
You kill the goblin!
Cheibriados appreciates the change of pace.
Unknown command.
Wield which item (- for none, * to show all)? (? for menu, Esc to quit)
Okay, then.
Wield which item (- for none, * to show all)? (? for menu, Esc to quit)
You hear the crackle of electricity.
a - a +0 dagger of electrocution (weapon)
Unknown command.
Evoke which item? (* to show all) (? for menu, Esc to quit)
Aiming: Disintegrate
Press: ? - help, Shift-Dir - straight line, f/p - orc warlord
Aim: an orc warlord, wielding an enchanted long sword, wearing a plate armour and wearing a large shield (chance to defeat MR: 50%)
The orc warrior is blasted.
The orc warlord roars a battlecry!
Unknown command.
You hit the orc warrior but do no damage.
The orc warrior is almost dead.
The orc warrior hits you with a war axe!!
Ouch! That really hurt!
* * * LOW HITPOINT WARNING * * *
Unknown command.
You hit the orc warrior but do no damage.
You bite the orc warrior.
The orc warrior is almost dead.
Fire/throw which item? (* to show all) (? for menu, Esc to quit)
Really fire
n - 2 throwing nets {!f}?
Press: ? - help, Shift-Dir - straight line, f/p - orc warlord
Aim: an orc warlord, wielding an enchanted long sword, wearing a plate armour and wearing a large shield You throw a throwing net {!f}.
The orc warlord blocks the throwing net {!f}.
The orc warrior barely misses you.
The orc warlord hits you with an enchanted long sword!
* * * LOW HITPOINT WARNING * * *
An orc warrior comes into view. It is wielding a war axe.
Evoke which item? (* to show all) (? for menu, Esc to quit)
Okay, then.
The flow of time bends around you.
Cheibriados rebukes the orc warrior.
The orc warrior seems to slow down.
The orc warlord resists with some effort.
You feel slightly more hungry.
The orc warrior moves out of view.
The orc warrior hits you with a war axe!!
You die...

#∆∆ .)##8........??#
#∆∆ .oo#8.........!#
#∆∆ ..g.....⌠....∩#
#∆∆ #8(........?#
#∆∆ #8.(......!?#
##∆ ###..(.....?#
.### ###.###og...###
...###
###.....#o#.###
.....###.......o@###
......#.........).#
......#...........#
⌠....)#.....⌠.....#
......)...........#
......#...........#
.....###.........##
...### ###.....###
.### ###.###


You could see an orc warlord, 2 orc warriors and a goblin.

Vanquished Creatures
  Joseph (D:8)
  Edmund (D:5)
  A water moccasin (D:6)
  7 orc warriors
  2 sky beasts
  2 ogres
  A phantom (D:4)
  A big kobold (D:8)
  2 bullfrogs
  3 wights (D:7)
  5 killer bees (D:8)
  2 crimson imps (D:8)
  2 bullfrog zombies
  A hound (D:4)
  2 jellies
  A centaur skeleton (D:8)
  2 gnoll shamans (D:6)
  3 orc priests
  5 worker ants
  9 orc wizards
  A worker ant zombie (D:7)
  A howler monkey skeleton (D:5)
  6 adders
  11 gnolls
  4 shadow imps
  An adder skeleton (D:4)
  2 worms
  2 leopard geckos
  27 orcs
  A ball python (D:3)
  5 giant cockroaches
  13 goblins
  13 hobgoblins
  5 jackals
  4 quokkas
  5 bats
  4 frilled lizards
  7 kobolds
  3 rats
168 creatures vanquished.

Notes
Turn   | Place    | Note
-------+----------+-------------------------------------------
     0 | D:1      | tidbits the Gnoll Fire Elementalist began the quest for the Orb.
     0 | D:1      | Reached XP level 1. HP: 13/13 MP: 6/6
   117 | D:1      | Reached skill level 2 in Conjurations
   157 | D:2      | Reached XP level 2. HP: 19/19 MP: 4/7
   161 | D:2      | Learned a level 2 spell: Throw Flame
   203 | D:2      | Reached skill level 5 in Spellcasting
   203 | D:2      | Reached skill level 1 in Invocations
   203 | D:2      | Reached XP level 3. HP: 17/25 MP: 1/9
   211 | D:2      | Learned a level 3 spell: Conjure Flame
   315 | D:1      | Reached skill level 1 in Fighting
   315 | D:1      | Reached skill level 1 in Short Blades
   315 | D:1      | Reached skill level 1 in Long Blades
   315 | D:1      | Reached skill level 1 in Axes
   315 | D:1      | Reached skill level 1 in Maces & Flails
   315 | D:1      | Reached skill level 1 in Polearms
   315 | D:1      | Reached skill level 1 in Staves
   315 | D:1      | Reached skill level 1 in Slings
   315 | D:1      | Reached skill level 1 in Bows
   315 | D:1      | Reached skill level 1 in Crossbows
   315 | D:1      | Reached skill level 1 in Throwing
   315 | D:1      | Reached skill level 1 in Armour
   315 | D:1      | Reached skill level 1 in Shields
   315 | D:1      | Reached skill level 1 in Unarmed Combat
   315 | D:1      | Reached skill level 1 in Evocations
   403 | D:3      | Reached XP level 4. HP: 31/32 MP: 11/11
   691 | D:3      | Reached skill level 1 in Hexes
   691 | D:3      | Reached skill level 1 in Charms
   691 | D:3      | Reached skill level 1 in Summonings
   691 | D:3      | Reached skill level 1 in Necromancy
   691 | D:3      | Reached skill level 1 in Translocations
   691 | D:3      | Reached skill level 1 in Transmutations
   691 | D:3      | Reached skill level 1 in Ice Magic
   691 | D:3      | Reached skill level 1 in Air Magic
   691 | D:3      | Reached skill level 1 in Earth Magic
   691 | D:3      | Reached skill level 1 in Poison Magic
   717 | D:3      | Reached XP level 5. HP: 37/37 MP: 12/12
   819 | D:2      | Found an ornate altar of the Wu Jian Council.
   819 | D:2      | Found an ancient bone altar of Kikubaaqudgha.
   908 | D:4      | Reached skill level 2 in Invocations
   908 | D:4      | Reached XP level 6. HP: 11/44 MP: 7/13
   923 | D:4      | Noticed a phantom
   927 | D:4      | Killed a phantom
   927 | D:4      | Reached skill level 2 in Fighting
   927 | D:4      | Reached skill level 2 in Short Blades
   927 | D:4      | Reached skill level 2 in Long Blades
   927 | D:4      | Reached skill level 2 in Axes
   927 | D:4      | Reached skill level 2 in Maces & Flails
   927 | D:4      | Reached skill level 2 in Polearms
   927 | D:4      | Reached skill level 2 in Staves
   927 | D:4      | Reached skill level 2 in Slings
   927 | D:4      | Reached skill level 2 in Bows
   927 | D:4      | Reached skill level 2 in Crossbows
   927 | D:4      | Reached skill level 2 in Throwing
   927 | D:4      | Reached skill level 2 in Armour
   927 | D:4      | Reached skill level 5 in Dodging
   927 | D:4      | Reached skill level 2 in Shields
   927 | D:4      | Reached skill level 2 in Unarmed Combat
   927 | D:4      | Reached skill level 2 in Evocations
   933 | D:4      | Learned a level 4 spell: Sticky Flame
   988 | D:5      | Entered Level 5 of the Dungeon
  1100 | D:4      | Noticed a sky beast
  1104 | D:4      | Killed a sky beast
  1104 | D:4      | Reached XP level 7. HP: 26/50 MP: 12/15
  1335 | D:5      | Reached skill level 2 in Hexes
  1335 | D:5      | Reached skill level 2 in Charms
  1335 | D:5      | Reached skill level 2 in Summonings
  1335 | D:5      | Reached skill level 2 in Necromancy
  1335 | D:5      | Reached skill level 2 in Translocations
  1335 | D:5      | Reached skill level 2 in Transmutations
  1335 | D:5      | Reached skill level 2 in Ice Magic
  1335 | D:5      | Reached skill level 2 in Air Magic
  1335 | D:5      | Reached skill level 2 in Earth Magic
  1335 | D:5      | Reached skill level 2 in Poison Magic
  1339 | D:5      | Reached skill level 3 in Conjurations
  1377 | D:5      | Found a shadowy altar of Dithmenos.
  1387 | D:5      | Noticed Edmund
  1459 | D:5      | Killed Edmund
  1459 | D:5      | Reached skill level 5 in Stealth
  1459 | D:5      | Reached skill level 3 in Invocations
  1464 | D:5      | Reached XP level 8. HP: 45/57 MP: 4/16
  1465 | D:5      | Reached skill level 6 in Fire Magic
  1599 | D:7      | Reached skill level 3 in Fighting
  1599 | D:7      | Reached skill level 3 in Short Blades
  1599 | D:7      | Reached skill level 3 in Long Blades
  1599 | D:7      | Reached skill level 3 in Axes
  1599 | D:7      | Reached skill level 3 in Maces & Flails
  1599 | D:7      | Reached skill level 3 in Polearms
  1599 | D:7      | Reached skill level 3 in Staves
  1599 | D:7      | Reached skill level 3 in Slings
  1599 | D:7      | Reached skill level 3 in Bows
  1599 | D:7      | Reached skill level 3 in Crossbows
  1599 | D:7      | Reached skill level 3 in Throwing
  1599 | D:7      | Reached skill level 3 in Armour
  1599 | D:7      | Reached skill level 3 in Shields
  1599 | D:7      | Reached skill level 3 in Unarmed Combat
  1599 | D:7      | Reached skill level 3 in Evocations
  1632 | D:6      | Found Xuvais's Antique Weapon Boutique.
  1679 | D:6      | Bought a transparent flail for 229 gold pieces
  1679 | D:6      | Identified the +1 flail of Untruth {crush, +Inv rN+} (You bought it in a shop on level 6 of the Dungeon)
  1695 | D:6      | Reached skill level 6 in Spellcasting
  1775 | D:6      | Found a staircase to the Ecumenical Temple.
  1784 | Temple   | Entered the Ecumenical Temple
  1790 | Temple   | Became a worshipper of Cheibriados the Contemplative
  1895 | D:7      | Reached skill level 3 in Hexes
  1895 | D:7      | Reached skill level 3 in Charms
  1895 | D:7      | Reached skill level 3 in Summonings
  1895 | D:7      | Reached skill level 3 in Necromancy
  1895 | D:7      | Reached skill level 3 in Translocations
  1895 | D:7      | Reached skill level 3 in Transmutations
  1895 | D:7      | Reached skill level 3 in Ice Magic
  1895 | D:7      | Reached skill level 3 in Air Magic
  1895 | D:7      | Reached skill level 3 in Earth Magic
  1895 | D:7      | Reached skill level 3 in Poison Magic
  1895 | D:7      | Reached skill level 4 in Invocations
  1907 | D:7      | Reached XP level 9. HP: 60/65 MP: 8/18
  1946 | D:7      | Reached skill level 6 in Dodging
  2099 | D:8      | Found Efestra's Book Shop.
  2144 | D:8      | Noticed Joseph
  2150 | D:8      | Killed Joseph
  2150 | D:8      | Reached skill level 4 in Fighting
  2150 | D:8      | Reached skill level 4 in Short Blades
  2150 | D:8      | Reached skill level 4 in Long Blades
  2150 | D:8      | Reached skill level 4 in Axes
  2150 | D:8      | Reached skill level 4 in Maces & Flails
  2150 | D:8      | Reached skill level 4 in Polearms
  2150 | D:8      | Reached skill level 4 in Staves
  2150 | D:8      | Reached skill level 4 in Slings
  2150 | D:8      | Reached skill level 4 in Bows
  2150 | D:8      | Reached skill level 4 in Crossbows
  2150 | D:8      | Reached skill level 4 in Throwing
  2150 | D:8      | Reached skill level 4 in Armour
  2150 | D:8      | Reached skill level 4 in Shields
  2150 | D:8      | Reached skill level 4 in Unarmed Combat
  2150 | D:8      | Reached skill level 4 in Conjurations
  2150 | D:8      | Reached skill level 4 in Evocations
  2184 | D:9      | Reached skill level 6 in Stealth
  2242 | D:8      | Found an opulent altar of Gozag.
  2313 | D:8      | Found a flagged portal.
  2412 | D:8      | Reached * piety under Cheibriados
  2484 | Bailey   | Entered a bailey
  2540 | Bailey   | Reached ** piety under Cheibriados
  2549 | Bailey   | Reached skill level 5 in Invocations
  2627 | Bailey   | Reached XP level 10. HP: 40/73 MP: 3/20
  2628 | Bailey   | Noticed an orc warlord
  2643 | Bailey   | Mangled by an orc warrior

Skill      XL: |  1  2  3  4  5  6  7  8  9 |
---------------+----------------------------+-----
Conjurations   | 2 3 4 |  4.4
Spellcasting   | 5 6 |  6.9
Invocations    | 1 2 3 4 5 |  5.1
Fighting       | 1 2 3 4 |  4.7
Short Blades   | 1 2 3 4 |  4.7
Long Blades    | 1 2 3 4 |  4.7
Axes           | 1 2 3 4 |  4.7
Maces & Flails | 1 2 3 4 |  4.7
Polearms       | 1 2 3 4 |  4.7
Staves         | 1 2 3 4 |  4.7
Slings         | 1 2 3 4 |  4.7
Bows           | 1 2 3 4 |  4.7
Crossbows      | 1 2 3 4 |  4.7
Throwing       | 1 2 3 4 |  4.7
Armour         | 1 2 3 4 |  4.7
Shields        | 1 2 3 4 |  4.7
Unarmed Combat | 1 2 3 4 |  4.7
Evocations     | 1 2 3 4 |  4.7
Hexes          | 1 2 3 |  3.9
Charms         | 1 2 3 |  3.9
Summonings     | 1 2 3 |  3.9
Necromancy     | 1 2 3 |  3.9
Translocations | 1 2 3 |  3.9
Transmutations | 1 2 3 |  3.9
Ice Magic      | 1 2 3 |  3.9
Air Magic      | 1 2 3 |  3.9
Earth Magic    | 1 2 3 |  3.9
Poison Magic   | 1 2 3 |  3.9
Dodging        | 5 6 |  6.6
Stealth        | 5 6 |  6.3
Fire Magic     | 6 |  6.8

Action                   |  1- 3 |  4- 6 |  7- 9 | 10-12 || total
-------------------------+-------+-------+-------+-------++-------
Melee: Dagger            |    29 |    49 |   116 |     2 ||   196
       Punch             |     1 |     1 |     3 |       ||     5
       Bite              |       |     8 |    28 |     2 ||    38
       Long sword        |       |     3 |     1 |       ||     4
       Flail             |       |       |    90 |     1 ||    91
       Dire flail        |       |       |    10 |       ||    10
       Battleaxe         |       |       |    12 |       ||    12
Throw: Tomahawk          |       |       |     7 |     4 ||    11
       Throwing net      |       |       |       |     1 ||     1
 Cast: Flame Tongue      |    16 |    28 |    36 |       ||    80
       Sticky Flame      |       |       |    23 |       ||    23
       Conjure Flame     |       |       |     1 |       ||     1
Invok: Bend Time         |       |       |       |     1 ||     1
 Abil: Evoke Invisibilit |       |       |     5 |       ||     5
Evoke: Wand              |       |       |       |     3 ||     3
  Use: Potion            |       |     3 |     1 |     2 ||     6
       Scroll            |       |       |     9 |       ||     9
 Stab: Sleeping          |     5 |     9 |     6 |       ||    20
       Invisible         |       |       |     9 |       ||     9
  Eat: Ration            |     1 |       |     2 |       ||     3
       Chunk             |       |       |     1 |       ||     1
Armor: Robe              |     3 |     8 |    22 |       ||    33
       Leather armour    |       |       |    36 |       ||    36
Dodge: Dodged            |    20 |    43 |   185 |     1 ||   249
       Rpst.: Long sword |       |       |     2 |       ||     2

Table legend:
 A = Turns spent in this place as a percentage of turns spent in the entire game.
 B = Non-inter-level travel turns spent in this place as a percentage of non-inter-level travel turns spent in the entire game.
 C = Inter-level travel turns spent in this place as a percentage of turns spent in this place.
 D = Turns resting spent in this place as a percentage of non-inter-level travel turns spent in this place.
 E = Turns spent auto-exploring this place as a percentage of non-inter-level travel turns spent in this place.
 F = Non-inter-level travel turns spent in this place divided by the number of levels of this place that you've seen.
                   A       B       C       D       E      F
               +-------+-------+-------+-------+-------+----------------------
         Total | 100.0 | 100.0 |   0.0 |   0.0 |   0.0 | 240.3
       Dungeon |  93.5 |  93.5 |   0.0 |   0.0 |   0.0 | 274.6
        Temple |   0.5 |   0.5 |   0.0 |   0.0 |   0.0 |  13.0
        Bailey |   6.0 |   6.0 |   0.0 |   0.0 |   0.0 | 159.0
               +-------+-------+-------+-------+-------+----------------------

Table legend:
 A = Kills in this place as a percentage of kills in entire the game.
 B = Kills by you in this place as a percentage of kills by you in the entire game.
 C = Kills by friends in this place as a percentage of kills by friends in the entire game.
 D = Other kills in this place as a percentage of other kills in the entire game.
 E = Experience gained in this place as a percentage of experience gained in the entire game.
 F = Experience gained in this place divided by the number of levels of this place that you have seen.
                   A       B       C       D       E      F
               +-------+-------+-------+-------+-------+----------------------
         Total | 100.0 | 100.0 |   N/A |   N/A | 100.0 | 423.5
       Dungeon |  77.4 |  77.4 |   N/A |   N/A |  80.5 | 416.7
        Bailey |  22.6 |  22.6 |   N/A |   N/A |  19.5 | 908.0
               +-------+-------+-------+-------+-------+----------------------

Vault maps used:
D:1:      onia_arrival_mini_spirals, serial_bayou_lagoon_a
D:2:      minmay_diamond_boxcup, overflow_temple_1_default,
          nicolae_overflow_hidden_temple
D:3:      chequers_ecumenical_altar_grove, minmay_misc_feat_diagonals,
          minmay_distorted, uniq_ijyb
D:4:      wad_river_or_something
D:5:      first_ration, grunt_dithmenos_shadows, uniq_edmund, uniq_blork_the_orc
D:6:      minmay_temple_entry_butterflies, serial_shops, nicolae_shop_trees,
          uniq_duvessa
D:7:      uniq_pikel
D:8:      overflow_temple_1_default, serial_shops, shop, enter_bailey_8,
          uniq_joseph
D:9:      david_lair_shrubbed, uniq_maurice
Temple:   eino_narrow_crystal_temple
Bailey:   bailey_axe_minmay_hex_keep, bailey
